 Dungeon Sprint DCSS version 0.30-a0-632-g346586fe48 (webtiles) character file.

Game seed: 11996720939151674061

11760 BigDaddyOpFi the Severer (level 11, -4/175 HPs)
             Began as a Minotaur Berserker on Jan 12, 2023.
             Was a High Priest of Trog.
             Slain by a spriggan defender
             ... wielding a +0 dagger
              (18 damage)
             ... in the Dungeon (Sprint III: "The Ten Rune Challenge") on Jan 13, 2023.
             The game lasted 00:08:50 (2694 turns).

BigDaddyOpFi the Severer (Minotaur Berserker)       Turns: 2694, Time: 00:08:50

Health: -4/175     AC: 10    Str: 26    XL:     11   Next: 53%
Magic:  10/10      EV: 15    Int:  8    God:    Trog [*****.]
Gold:   3081       SH:  0    Dex:  8    Spells: 10/10 levels left

rFire   . . .      SeeInvis .    l - +0 executioner's axe (heavy)
rCold   . . .      Faith    .    (shield currently unavailable)
rNeg    . . .      Spirit   .    h - +0 ring mail
rPois   .          Reflect  .    (helmet restricted)
rElec   .          Harm     .    k - +0 cloak
rCorr   .          Rampage  .    (no gloves)
Will    .....      NoTele   +    (no boots) Stlth
                                 (no amulet)
HPRegen 0.49/turn                (no ring)
MPRegen 0.12/turn                (no ring)

@: berserking, very quick
A: horns 2, retaliatory headbutt, hooves 1, clever 1, screaming 1
a: Renounce Religion, Berserk, Trog's Hand, Brothers in Arms


You were in the Dungeon.
You worshipped Trog.
Trog was extremely pleased with you.
You visited 1 branch You collected 3081 gold pieces.

Inventory:

Hand Weapons
 a - a +0 hand axe
 b - a +5 heavy hand axe
 d - a +2 heavy battleaxe
 j - a +2 quarterstaff of chaos
 l - a +0 heavy executioner's axe (weapon)
Armour
 h - a +0 ring mail (worn)
 k - a +0 cloak (worn)
Scrolls
 o - a scroll of torment
 p - 2 scrolls of poison
Potions
 c - a potion of curing
 e - a potion of haste
 f - 2 potions of magic
 g - 2 potions of berserk rage
 i - a potion of invisibility {unknown}
 n - 2 potions of flight
 q - a potion of mutation
Miscellaneous
 r - a piece from Xom's chessboard (15/15)


   Skills:
 + Level 17.6 Fighting
 + Level 17.6 Axes
 + Level 17.4 Armour
 + Level 16.1 Dodging


You had 10 spell levels left.
You didn't know any spells.
Your spell library was empty.

Dungeon Overview and Level Annotations

Branches:
Dungeon (1/1)

Altars:
Cheibriados
Dithmenos
Elyvilon
Fedhas
Gozag
Hepliaklqana
Kikubaaqudgha
Makhleb
Nemelex Xobeh
Okawaru
Qazlal
Ru
Sif Muna
Trog
Uskayaw
Vehumet
Wu Jian
Xom
Yredelemnul
Zin
The Shining One
Jiyva
Lugonu

Shops:
D :


Innate Abilities, Weirdness & Mutations

You have a pair of horns on your head.
You reflexively headbutt those who attack you in melee.
You have large cloven feet.
Your mind is acute. (Int +4, Str/Dex -1)
You occasionally shout uncontrollably at your foes.


Message History

Your troll claws the spriggan defender.
You barely miss the spriggan defender.
Your headbutt misses the spriggan defender.
The spriggan defender is almost dead.
The spriggan defender closely misses you.
Your troll completely misses the spriggan defender. x2
Your troll misses the spriggan defender.
The spriggan defender hits your troll with a +0 dagger.
Your troll bites the spriggan defender!
The spriggan defender dies!
Trog accepts your kill.
Your troll bites the spriggan defender!
Your troll completely misses the spriggan defender.
Your troll closely misses the spriggan defender.
Unknown command.
You closely miss the spriggan defender. Your kick misses the spriggan defender.
Your headbutt misses the spriggan defender.
The spriggan defender is heavily wounded.
The spriggan defender hits your troll with a +0 dagger.
Your troll misses the spriggan defender.
Your troll closely misses the spriggan defender.
Your troll misses the spriggan defender.
The spriggan defender hits you with a +0 dagger!
* * * LOW HITPOINT WARNING * * *
Your troll closely misses the spriggan defender.
Your troll completely misses the spriggan defender.
Your troll closely misses the spriggan defender.
The spriggan defender hits your troll with a +0 dagger!!
Your troll dies!
Your troll's corpse disappears in a puff of smoke!
Unknown command.
You feel better.
A red film seems to cover your vision as you go berserk!
You feel yourself moving faster!
You feel mighty!
The spriggan defender hits you with a +0 dagger!!
* * * LOW HITPOINT WARNING * * *
The spriggan defender hits you with a +0 dagger!!
* * * LOW HITPOINT WARNING * * *
The spriggan defender hits you with a +0 dagger!!
You die...

#.....'...
#.#########
#.#$PP.....
#.#PP.....#
#.#.....###
#.#§i.###.#
#.#i###.§§#
#.#i#§..§§#
#.#@i§.§..#
#.#§§§.§.§#
#.§§§§....#
#########.#
#... ....
.....


You could see 3 spriggan defenders.

Vanquished Creatures
  An orange crystal statue (D)
  A deep elf zephyrmancer (D)
  A deep elf pyromancer (D)
  An orc knight (D)
  A queen bee (D)
  An orc high priest (D)
  2 wandering mushrooms (D)
  A shadow (D)
  A redback (D)
  A spatial vortex (D)
  2 orc warriors (D)
  2 two-headed ogres (D)
  A water elemental (D)
  A necrophage (D)
  16 killer bees (D)
  A jelly (D)
  3 orc priests (D)
  Crazy Yiuf (D)
  Jessica (D)
  A necromancer (D)
  3 orc wizards (D)
  A wizard (D)
  3 humans (D)
  A kobold demonologist (D)
  9 orcs (D)
  An endoplasm (D)
  2 rats (D)
60 creatures vanquished.

Vanquished Creatures (collateral kills)
  Sigmund (D)
  Erolcha (D)
  3 deep elf pyromancers (D)
  2 deep elf zephyrmancers (D)
  Edmund (D)
  A wandering mushroom (D)
  A spriggan defender (D)
  A redback (D)
  An orc warrior (D)
  3 two-headed ogres (D)
  16 killer bees (D)
  An orc (D)
32 creatures vanquished.

Vanquished Creatures (others)
  17 plants (D)
17 creatures vanquished.

Grand Total: 109 creatures vanquished

Notes
Turn   | Place    | Note
-------+----------+-------------------------------------------
     0 | D        | BigDaddyOpFi the Minotaur Berserker began the quest for the
                  | Orb.
     0 | D        | Reached XP level 1. HP: 19/19 MP: 0/0
    38 | D        | Reached ** piety under Trog
    46 | D        | Noticed Jessica
    53 | D        | Killed Jessica
    54 | D        | Reached skill level 5 in Fighting
    54 | D        | Reached skill level 5 in Axes
    54 | D        | Reached XP level 2. HP: 29/29 MP: 1/1
    54 | D        | Reached XP level 3. HP: 36/36 MP: 2/2
   102 | D        | Noticed Crazy Yiuf
   105 | D        | Killed Crazy Yiuf
   106 | D        | Reached skill level 5 in Armour
   110 | D        | Reached XP level 4. HP: 44/44 MP: 3/3
   184 | D        | Gained mutation: You are clumsy. (Dex -2) [potion of
                  | mutation]
   184 | D        | Gained mutation: You have sharp toenails. [potion of
                  | mutation]
   185 | D        | Lost mutation: You have sharp toenails. [potion of
                  | mutation]
   185 | D        | Lost mutation: You are clumsy. (Dex -2) [potion of
                  | mutation]
   185 | D        | Gained mutation: You occasionally lose the ability to read
                  | scrolls when taking damage. [potion of mutation]
   185 | D        | Gained mutation: You have supernaturally acute eyesight.
                  | (SInv) [potion of mutation]
   185 | D        | Gained mutation: You sometimes lose your temper in combat.
                  | [potion of mutation]
   186 | D        | Lost mutation: You sometimes lose your temper in combat.
                  | [potion of mutation]
   186 | D        | Lost mutation: You occasionally lose the ability to read
                  | scrolls when taking damage. [potion of mutation]
   186 | D        | Gained mutation: You have large cloven feet. [potion of
                  | mutation]
   186 | D        | Gained mutation: You occasionally shout uncontrollably at
                  | your foes. [potion of mutation]
   186 | D        | Gained mutation: You sometimes lose your temper in combat.
                  | [potion of mutation]
   187 | D        | Lost mutation: You have supernaturally acute eyesight.
                  | (SInv) [potion of mutation]
   187 | D        | Lost mutation: You sometimes lose your temper in combat.
                  | [potion of mutation]
   187 | D        | Gained mutation: Your mind is acute. (Int +4, Str/Dex -1)
                  | [potion of mutation]
   195 | D        | Noticed a water elemental
   201 | D        | Killed a water elemental
   202 | D        | Reached skill level 5 in Dodging
   243 | D        | Found a radiant altar of Vehumet.
   243 | D        | Found a shimmering blue altar of Sif Muna.
   243 | D        | Found an ancient bone altar of Kikubaaqudgha.
   243 | D        | Noticed a wizard
   244 | D        | Killed a wizard
   244 | D        | Reached *** piety under Trog
   245 | D        | Reached XP level 5. HP: 52/52 MP: 4/4
   250 | D        | Noticed an ice devil
   426 | D        | Found a glowing silver altar of Zin.
   426 | D        | Found a glowing golden altar of the Shining One.
   426 | D        | Found a white marble altar of Elyvilon.
   427 | D        | Noticed a deep elf pyromancer
   431 | D        | Killed a deep elf pyromancer
   431 | D        | Reached **** piety under Trog
   432 | D        | Reached skill level 10 in Fighting
   432 | D        | Reached skill level 10 in Axes
   432 | D        | Reached XP level 6. HP: 61/66 MP: 5/5
   432 | D        | Reached XP level 7. HP: 67/72 MP: 6/6
   608 | D        | Found a hide-covered altar of Uskayaw.
   608 | D        | Found an iron altar of Okawaru.
   608 | D        | Found a bloodstained altar of Trog.
   608 | D        | Found an ornate altar of the Wu Jian Council.
   608 | D        | Noticed a human
   609 | D        | Noticed a human
   612 | D        | Killed a human
   613 | D        | Reached skill level 10 in Armour
   616 | D        | Killed a human
   714 | D        | Found a basalt altar of Yredelemnul.
   714 | D        | Found a shadowy altar of Dithmenos.
   714 | D        | Found a sacrificial altar of Ru.
   720 | D        | Reached ***** piety under Trog
   779 | D        | Noticed a shadow
   782 | D        | Killed a shadow
   783 | D        | Reached skill level 10 in Dodging
   783 | D        | Reached XP level 8. HP: 82/82 MP: 7/7
   827 | D        | Found a blossoming altar of Fedhas.
   827 | D        | Found a stormy altar of Qazlal.
   827 | D        | Found a snail-covered altar of Cheibriados.
   827 | D        | Found a burning altar of Makhleb.
   827 | D        | Found a shimmering altar of Xom.
   828 | D        | Found a hazy altar of Hepliaklqana.
   828 | D        | Found an opulent altar of Gozag.
   828 | D        | Found a sparkling altar of Nemelex Xobeh.
   828 | D        | Found a corrupted altar of Lugonu.
   828 | D        | Found a viscous altar of Jiyva.
   869 | D        | Found Puistewk's Book Emporium.
   869 | D        | Noticed an orc knight
   885 | D        | Killed an orc knight
   888 | D        | Reached XP level 9. HP: 49/92 MP: 8/8
   889 | D        | Received a gift from Trog
   898 | D        | Reached ****** piety under Trog
   901 | D        | Received a gift from Trog
  1212 | D        | Noticed a deep elf zephyrmancer
  1212 | D        | Noticed a deep elf pyromancer
  1212 | D        | Noticed a deep elf pyromancer
  1212 | D        | Noticed a deep elf zephyrmancer
  1212 | D        | Noticed a deep elf pyromancer
  1229 | D        | Killed a deep elf pyromancer
  1230 | D        | Killed a deep elf zephyrmancer
  1233 | D        | Killed a deep elf zephyrmancer
  1233 | D        | Received a gift from Trog
  1240 | D        | Killed a deep elf pyromancer
  1241 | D        | Reached XP level 10. HP: 104/104 MP: 9/9
  1245 | D        | Killed a deep elf pyromancer
  1265 | D        | Noticed a deep elf zephyrmancer
  1279 | D        | Killed a deep elf zephyrmancer
  1279 | D        | Received a gift from Trog
  1280 | D        | Reached skill level 15 in Fighting
  1280 | D        | Reached skill level 15 in Axes
  1298 | D        | Noticed a deep elf high priest
  1734 | D        | Noticed Erolcha
  1737 | D        | Killed Erolcha
  1738 | D        | Reached skill level 15 in Armour
  1768 | D        | Received a gift from Trog
  1868 | D        | Noticed Sigmund
  1868 | D        | Noticed Edmund
  1870 | D        | Killed Sigmund
  1871 | D        | Reached skill level 15 in Dodging
  1871 | D        | Reached XP level 11. HP: 106/116 MP: 10/10
  1873 | D        | Killed Edmund
  2037 | D        | Received a gift from Trog
  2054 | D        | Received a gift from Trog
  2055 | D        | Upgraded the game from 0.30-a0-629-gd54f4be4f7 to
                  | 0.30-a0-632-g346586fe48
  2060 | D        | Received a gift from Trog
  2065 | D        | Received a gift from Trog
  2323 | D        | Noticed a yaktaur captain
  2552 | D        | Noticed an orange crystal statue
  2563 | D        | Killed an orange crystal statue
  2563 | D        | Received a gift from Trog
  2694 | D        | Slain by a spriggan defender

Illustrated notes

Levels and vault maps discovered:
D:        dungeon_sprint_mu [sprint_mu_entry_cave, sprint_mu_temple_rooms,
          sprint_mu_d1_spiders, sprint_mu_d2_genie, sprint_mu_d3_branching,
          sprint_mu_orc_legion, sprint_mu_elf_gauntlet, sprint_mu_hive_nellie,
          sprint_mu_lair_fedhas, sprint_mu_vaults_butterflies,
          sprint_mu_slime_circle, sprint_mu_swamp_cave, sprint_mu_snake_twists,
          sprint_mu_blade_basic, sprint_mu_crypt_lich, sprint_mu_tomb_spiral,
          sprint_mu_vestibule_basic, sprint_mu_gehenna_hellfire,
          sprint_mu_dis_giant, sprint_mu_tartarus_statrot,
          sprint_mu_cocytus_islands, sprint_mu_zot1]

Skill      XL: |  1  2  3  4  5  6  7  8  9 10 11 |
---------------+----------------------------------+-----
Fighting       | 5 6 7 10 11 12 14 16 17 | 17.6
Axes           | 5 6 7 10 11 12 14 16 17 | 17.6
Armour         | 4 5 6 9 11 12 14 16 17 | 17.4
Dodging        | 3 4 6 8 10 11 13 15 16 | 16.1

Action                   |  1- 3 |  4- 6 |  7- 9 | 10-12 || total
-------------------------+-------+-------+-------+-------++-------
Melee: Hand axe          |    10 |       |       |     7 ||    17
       Headbutt          |     3 |     3 |     7 |     5 ||    18
       Quarterstaff      |       |    12 |    48 |     4 ||    64
       Kick              |       |       |    10 |    11 ||    21
       Battleaxe         |       |       |       |    38 ||    38
       Executioner's axe |       |       |       |    13 ||    13
Invok: Berserk           |     2 |     2 |     4 |     3 ||    11
       Brothers in Arms  |       |       |     3 |     4 ||     7
  Use: Potion            |       |     4 |     3 |     1 ||     8
       Scroll            |       |       |     1 |     3 ||     4
 Stab: Sleeping          |     1 |       |       |       ||     1
       Paralysed         |       |       |     4 |       ||     4
Armor: Animal skin       |     1 |       |     7 |       ||     8
       Ring mail         |       |       |       |    19 ||    19
Dodge: Dodged            |     5 |     5 |    26 |    98 ||   134

Table legend: (Time is in decaauts)
 A = Elapsed time spent in this place.
 B = Non-inter-level travel time spent in this place.
 C = Inter-level travel time spent in this place.
 D = Time resting spent in this place.
 E = Time spent auto-exploring this place.
 F = Levels seen in this place.
 G = Mean time per level.
                   A        B        C        D        E       F      G
               +--------+--------+--------+--------+--------+-----+--------+
         Total |   2831 |   2831 |      0 |   1960 |     28 |   1 | 2831.0 |
       Dungeon |   2831 |   2831 |      0 |   1960 |     28 |   1 | 2831.0 |
               +--------+--------+--------+--------+--------+-----+--------+

Top non-repeatable levels by time:
       D: 2831 daAuts
